Map: Mech Depot LE

Players

Ryung - Winner!

  • Race: Terran Terran
  • League: Master
  • Spawn Location: 7:00

Classic

  • Race: Protoss Protoss
  • League: Master
  • Spawn Location: 1:00

VOD

https://www.twitch.tv/videos/165903033

Description

Time

  • Played on: Aug. 10, 2017, 12:02 p.m.
  • Length: 9:57
Show
View Real Time Build Order
Export as new Build Order

Ryung Terran - Winner!

Build Orders: Cyclone Opening, Reaper Expand, MMM Bio 

Get SALT Encoding   

  12  0:00  SCV  
  13  0:13  SCV  
  14  0:17  Supply Depot  
  14  0:25  SCV  
  15  0:28  Refinery  
  15  0:39  SCV  
  16  0:44  Barracks  
  16  0:51  SCV  
  17  1:03  SCV  
  18  1:15  SCV  
  19  1:31  Orbital Command, Reaper  
  20  1:43  Command Center  
  20  1:53  Factory  
  20  1:57  SCV  
  21  2:04  Refinery  
  21  2:06  Barracks Reactor  
  21  2:10  SCV  
  22  2:17  Supply Depot  
  22  2:22  SCV  
  23  2:39  Cyclone  
  23  2:41  Engineering Bay  
  23  2:42  Marine  
  27  2:44  Marine  
  27  2:47  SCV  
  29  3:00  Marine  
  29  3:02  Marine  
  31  3:08  Missile Turret  
  31  3:11  Cyclone  
  34  3:15  SCV  
  34  3:18  Marine  
  36  3:25  Starport  
  36  3:27  Marine  
  36  3:30  SCV  
  38  3:37  Orbital Command  
  38  3:40  Marine  
  39  3:42  SCV  
  40  3:53  Cyclone  
  41  3:59  Liberator  
  41  4:02  Marine x2  
  43  4:04  SCV  
  43  4:05  SCV  
  45  4:10  Supply Depot  
  48  4:23  Marine x2  
  50  4:28  SCV x2  
  51  4:36  Cyclone  
  50  4:40  SCV x2  
  50  4:42  Marine  
  50  4:44  Marine  
  54  4:51  Missile Turret  
  54  4:52  SCV  
  55  4:54  SCV  
  56  5:02  Marine  
  56  5:05  Marine, Barracks  
  58  5:08  SCV x2  
  60  5:18  Supply Depot  
  60  5:24  Barracks, Factory Reactor  
  60  5:25  Terran Infantry Weapons Level 1  
  60  5:26  Starport Reactor  
  60  5:32  SCV x2  
  62  5:39  Marine x2, Supply Depot  
  63  5:51  SCV x2  
  63  5:56  Bunker  
  65  6:01  Widow Mine  
  65  6:02  Barracks Tech Lab, Widow Mine  
  65  6:03  SCV x2, Supply Depot  
  71  6:04  Refinery  
  71  6:08  Marine x2  
  71  6:10  Medivac x2  
  77  6:15  SCV, Supply Depot  
  78  6:23  Barracks Tech Lab  
  78  6:24  Marauder, SCV  
  80  6:31  Widow Mine x2  
  84  6:34  Stimpack  
  84  6:36  Bunker  
  84  6:39  Marine x2  
  81  6:43  SCV x2  
  81  6:45  Refinery  
  81  6:46  Marauder  
  82  6:49  Marauder  
  82  6:50  Medivac  
  86  6:55  SCV x2  
  86  6:57  Marine x2  
  90  7:02  Supply Depot  
  90  7:05  Supply Depot  
  90  7:07  Marauder, Widow Mine  
  93  7:20  Combat Shields  
  93  7:22  Marine  
  94  7:23  Marauder, Marine, Medivac, Widow Mine  
  101  7:32  Marauder  
  102  7:43  Marine  
  102  7:44  Marine  
  104  7:45  Marauder, SCV x2  
  104  7:47  Liberator x2, Supply Depot x2  
  106  7:59  Marauder  
  114  8:06  Marauder  
  114  8:07  Marine x2  
  118  8:22  Marauder  
  118  8:25  Marine x2  
  115  8:28  Marauder  
  117  8:34  Liberator x2, Widow Mine x2  
  121  8:43  SCV x2, Marine x2  
  121  8:45  Marauder  
  126  8:50  Command Center  
  129  9:01  Marauder, Marine x2  
  130  9:06  Marauder  
  114  9:19  Marine x2  
  114  9:23  Marauder  
  110  9:28  Marauder  
Show
View Real Time Build Order
Export as new Build Order

Classic Protoss 

Build Orders: Oracle Opening 

Get SALT Encoding   

  12  0:08  Pylon  
  12  0:13  Probe (Chrono Boost)  
  13  0:26  Gateway  
  13  0:29  Probe (Chrono Boost)  
  14  0:36  Assimilator  
  14  0:40  Probe (Chrono Boost)  
  15  0:45  Assimilator  
  15  0:50  Probe (Chrono Boost)  
  16  1:01  Probe (Chrono Boost)  
  17  1:11  Probe (Chrono Boost)  
  17  1:14  Cybernetics Core  
  18  1:22  Probe (Chrono Boost)  
  19  1:29  Pylon  
  19  1:32  Probe (Chrono Boost)  
  20  1:43  Probe (Chrono Boost)  
  21  1:51  Stargate  
  21  1:53  Probe (Chrono Boost)  
  22  2:00  Adept (Chrono Boost)  
  24  2:04  Probe  
  24  2:07  Warp Gate  
  25  2:15  Pylon  
  25  2:24  Adept (Chrono Boost)  
  25  2:28  Pylon  
  26  2:37  Oracle (Chrono Boost)  
  26  2:42  Probe  
  30  3:09  Oracle (Chrono Boost)  
  33  3:17  Nexus  
  33  3:20  Pylon  
  33  3:24  Probe  
  34  3:38  Twilight Council  
  37  3:41  Oracle (Chrono Boost)  
  37  3:44  Probe  
  38  3:57  Probe  
  39  4:09  Probe  
  40  4:16  Blink (Chrono Boost)  
  40  4:22  Gateway  
  40  4:24  Probe  
  41  4:25  Gateway  
  41  4:27  Probe  
  42  4:38  Probe  
  42  4:39  Probe  
  42  4:43  Stalker  
  43  4:47  Pylon  
  43  4:50  Probe  
  43  4:52  Probe  
  45  5:01  Probe  
  45  5:04  Probe  
  47  5:09  Gateway  
  47  5:18  Stalker x2  
  47  5:20  Stalker  
  53  5:21  Probe  
  53  5:23  Probe  
  53  5:28  Pylon  
  55  5:41  Stalker x2, Gateway  
  59  5:45  Stalker  
  57  6:01  Gateway  
  57  6:13  Stalker  
  57  6:14  Stalker x3  
  57  6:18  Pylon  
  65  6:24  Probe  
  56  6:26  Probe  
  56  6:27  Pylon  
  58  6:37  Stalker x2  
  62  6:41  Pylon  
  62  6:46  Probe  
  62  6:48  Probe  
  62  6:52  Pylon  
  64  6:55  Assimilator  
  64  6:57  Probe  
  64  7:00  Probe  
  66  7:02  Assimilator  
  66  7:07  Probe  
  66  7:12  Probe  
  66  7:14  Pylon  
  68  7:16  Nexus  
  68  7:19  Probe  
  69  7:24  Probe  
  68  7:37  Stalker x4  
  76  7:44  Stalker  
  76  7:46  Probe  
  76  7:48  Probe  
  80  7:55  Pylon  
  80  8:00  Forge  
  80  8:03  Dark Shrine  
  80  8:04  Stalker x2  
  84  8:15  Stalker x2  
  82  8:32  Stalker x3  
  88  8:39  Stalker  
  90  8:41  Stalker  
  92  8:48  Pylon  
  92  8:49  Mothership Core (Chrono Boost)  
  94  9:01  Adept x3  
  84  9:19  Adept x2  
  80  9:27  Dark Templar x2  
  80  9:28  Adept  
Tags
 
Add a new tag
Caveats
  • Supply blocks, unpowered buildings, or Contaminate may cause inaccurate times.
  • Supply counts are checked every 10 seconds.